 Dungeon Crawl Stone Soup version 0.23.2-1-ga50397a6bc (webtiles) character file.

Game seed: 2906938478907670115

1291 Mrkan the Grappler (level 8, -10/74 HPs)
             Began as a Troll Monk on May 25, 2019.
             Was a Believer of Okawaru.
             Mangled by Prince Ribbit (14 damage)
             ... on level 6 of the Dungeon.
             The game lasted 00:07:19 (4317 turns).

Mrkan the Grappler (Troll Monk)                     Turns: 4317, Time: 00:07:19

Health: -10/74     AC:  7    Str: 20    XL:     8   Next: 30%
Magic:  7/7        EV: 10    Int:  6    God:    Okawaru [**....]
Gold:   385        SH:  0    Dex: 14    Spells: 7/7 levels left

rFire    . . .     SeeInvis .     - Unarmed
rCold    . . .     Gourm    +   (no shield)
rNeg     . . .     Faith    .   a - +0 robe
rPois    .         Spirit   .   (helmet restricted)
rElec    .         Reflect  .   x - +0 cloak
rCorr    .         Harm     .   (gloves unavailable)
MR       .....                  (boots unavailable)
Stlth    ++........             (no amulet)
HPRegen  0.62/turn              (no ring)
MPRegen  0.10/turn              (no ring)

@: no status effects
A: large, unfitting armour, claws 3, fast metabolism 3, gourmand, regeneration
1, shaggy fur 1, tough skin 3
a: Heroism, Renounce Religion


You were on level 6 of the Dungeon.
You worshipped Okawaru.
Okawaru was pleased with you.
You were completely stuffed.

You visited 1 branch of the dungeon, and saw 6 of its levels.

You collected 385 gold pieces.

Inventory:

Missiles
 c - 166 stones (quivered)
 e - 4 large rocks
Armour
 a - a +0 robe (worn)
 x - a +0 cloak (worn)
Jewellery
 d - an uncursed ring of stealth {unknown}
 k - a cursed -2 ring of protection {unknown}
 v - an uncursed ring of positive energy {unknown}
 F - an uncursed ring of fire {unknown}
Wands
 u - a wand of polymorph (12)
 A - a wand of enslavement (10)
 E - a wand of paralysis (9)
Scrolls
 f - 6 scrolls of remove curse {unknown}
 h - a scroll of immolation {unknown}
 i - 9 scrolls of identify {unknown}
 m - 2 scrolls of fog {unknown}
 r - 2 scrolls of fear {unknown}
 t - 5 scrolls of teleportation {unknown}
 y - a scroll of noise {unknown}
Potions
 g - 3 potions of curing {unknown}
 j - 4 potions of agility {unknown}
 l - a potion of ambrosia {unknown}
 n - a potion of mutation {unknown}
 o - a potion of degeneration {unknown}
 p - 2 potions of might {unknown}
 q - a potion of heal wounds {unknown}
 s - a potion of resistance {unknown}
 w - a potion of berserk rage {unknown}
 z - 2 potions of haste {unknown}
 B - 2 potions of flight {unknown}
 C - a potion of brilliance {unknown}
 D - a potion of invisibility {unknown}
Comestibles
 b - 15 rations
 G - a chunk of flesh


   Skills:
 - Level 2.4 Fighting
 * Level 6.1 Throwing
 - Level 2.4 Dodging
 - Level 1.0 Stealth
 - Level 8.0 Unarmed Combat


You had 7 spell levels left.
You didn't know any spells.
Your spell library was empty.

Dungeon Overview and Level Annotations

Branches:
Dungeon (6/15)
 Temple: D:4-7

Altars:
Ashenzari
Dithmenos
Okawaru
Sif Muna

Annotations:
D:6 1 runed translucent door, Prince Ribbit; raetorn's ghost, novice VSFi


Innate Abilities, Weirdness & Mutations

You are too large for most types of armour.
You have claws for hands.
Your metabolism is lightning-fast.
You like to eat raw meat.
Your natural rate of healing is unusually fast.
You are covered in fur. (AC +1)
You have extremely tough skin. (AC +3)


Message History

Prince Ribbit is lightly wounded.
Prince Ribbit hits you!
You completely miss Prince Ribbit.
Prince Ribbit is lightly wounded.
Prince Ribbit hits you.
You scratch Prince Ribbit.
Prince Ribbit is lightly wounded.
Prince Ribbit hits you but does no damage.
You claw Prince Ribbit!
Prince Ribbit is heavily wounded.
Prince Ribbit hits you!
You miss Prince Ribbit.
Prince Ribbit is heavily wounded.
Prince Ribbit hits you!
* * * LOW HITPOINT WARNING * * *
Prince Ribbit hits you!
* * * LOW HITPOINT WARNING * * *
Okay, then.
Prince Ribbit hits you!
You die...

########### #.. ..# #####
#.........# #.# #.# ....#
#.........# #.# #.# ....#
#.........###.# #.# ....#
#.........+.#.###.# ....#
#...%....[#.#.....#
....############.#..........#
......<..........F...>..##.####
...[.###.####...@.............#
........a.. #..#.#.##...###.#.#
########.#.....#........#...#.#
####### ###.# ..#.##.#.##.##.#
......# .......#..<...... #.#
......#######################.#
......'.......................#
......#########################
......#


You could see Prince Ribbit.

Vanquished Creatures
  2 ice beasts
  A sky beast (D:6)
  A phantom (D:4)
  3 ogres
  A bullfrog (D:6)
  2 scorpions
  A crimson imp (D:4)
  A hound (D:2)
  3 orc priests
  2 iguanas (D:5)
  3 orc wizards
  A howler monkey skeleton (D:5)
  3 gnolls (D:6)
  12 adders
  2 adder skeletons (D:4)
  A worm (D:3)
  9 leopard geckos
  19 orcs
  2 ball pythons
  6 giant cockroaches
  5 goblins
  7 hobgoblins
  9 jackals
  8 kobolds
  4 quokkas
  5 bats
  6 frilled lizards
  2 leopard gecko skeletons
  A quokka zombie (D:4)
  2 rats
124 creatures vanquished.

Notes
Turn   | Place    | Note
-------+----------+-------------------------------------------
     0 | D:1      | Mrkan the Troll Monk began the quest for the Orb.
     0 | D:1      | Reached XP level 1. HP: 22/22 MP: 0/0
    99 | D:1      | Reached XP level 2. HP: 29/29 MP: 1/1
   339 | D:1      | Reached skill level 4 in Unarmed Combat
   549 | D:1      | Reached XP level 3. HP: 36/36 MP: 2/2
   765 | D:2      | Reached skill level 5 in Unarmed Combat
   765 | D:2      | Reached XP level 4. HP: 36/44 MP: 3/3
  1433 | D:2      | Reached XP level 5. HP: 50/50 MP: 4/4
  1477 | D:3      | Reached skill level 6 in Unarmed Combat
  2282 | D:3      | Found a deep blue altar of Sif Muna.
  2463 | D:4      | Reached XP level 6. HP: 59/59 MP: 5/5
  2585 | D:4      | Reached skill level 7 in Unarmed Combat
  3010 | D:5      | Entered Level 5 of the Dungeon
  3020 | D:4      | Reached skill level 8 in Unarmed Combat
  3020 | D:4      | Reached XP level 7. HP: 66/66 MP: 6/6
  3027 | D:5      | Reached skill level 1 in Throwing
  3520 | D:5      | Reached XP level 8. HP: 60/74 MP: 7/7
  3666 | D:6      | Found a shadowy altar of Dithmenos.
  3697 | D:6      | Reached skill level 5 in Throwing
  3733 | D:6      | Found an iron altar of Okawaru.
  3854 | D:6      | Became a worshipper of Warmaster Okawaru
  3854 | D:6      | Reached * piety under Okawaru
  3854 | D:6      | Reached ** piety under Okawaru
  4101 | D:6      | Found a shattered altar of Ashenzari.
  4135 | D:6      | Found a runed translucent door.
  4135 | D:6      | Noticed raetorn's ghost (novice VSFi)
  4294 | D:6      | Noticed Prince Ribbit
  4314 | D:6      | HP: 2/74 [Prince Ribbit (10)]
  4317 | D:6      | Mangled by Prince Ribbit

Skill      XL: |  1  2  3  4  5  6  7  8 |
---------------+-------------------------+-----
Unarmed Combat | 4 5 6 8 |  8.0
Throwing       | 4 6 |  6.1
Fighting       | |  2.4
Dodging        | |  2.4
Stealth        | |  1.0

Action                   |  1- 3 |  4- 6 |  7- 9 || total
-------------------------+-------+-------+-------++-------
Melee: Unarmed           |    66 |   174 |   122 ||   362
       Punch             |     1 |     2 |     6 ||     9
 Stab: Sleeping          |     1 |     3 |     1 ||     5
  Eat: Chunk             |    12 |    19 |    14 ||    45
Armor: Robe              |    34 |    54 |    41 ||   129
Dodge: Dodged            |    45 |    86 |    70 ||   201
